 Dungeon Crawl Stone Soup version 0.31-a0-177-g4aa6249778 (webtiles) character file.

Game seed: 11270316844978692466

1311 qw the Skirmisher (level 8, 0/74 HPs)
             Began as a Naga Hunter on June 18, 2023.
             Slain by Menkaure (11 damage)
             ... on level 6 of the Dungeon.
             The game lasted 00:01:46 (4219 turns).

qw the Skirmisher (Naga Hunter)                     Turns: 4219, Time: 00:01:47

Health: 0/74       AC:  8    Str: 13    XL:     8   Next: 58%
Magic:  8/8        EV: 10    Int: 11    God:
Gold:   92         SH:  0    Dex: 16    Spells: 7/7 levels left

rFire   . . .        Y - +0 shortbow
rCold   . . .        (shield currently unavailable)
rNeg    . . .        c - +0 leather armour
rPois   +            (helmet restricted)
rElec   .            (no cloak)
rCorr   +            (no gloves)
SInv    +            (no barding)
Will    +....        p - amulet of the acrobat
Stlth   ++           d - +4 ring of protection
HPRegen 0.32/turn    n - ring of resist corrosion
MPRegen 0.11/turn

%: acrobat
@: very slow
A: AC +2, large, see invisible, deformed body, poison resistance, slowness 2,
spit poison 1, naga tail 1, horns 2, wild magic 1
a: Spit Poison


You were on level 6 of the Dungeon.
You visited 1 branch of the dungeon, and saw 6 of its levels.

You collected 218 gold pieces.
You spent 126 gold pieces at shops.


Innate Abilities, Weirdness & Mutations

Your serpentine skin is tough. (AC +2)
You have supernaturally acute eyesight. (SInv)
Armour fits poorly on your strangely shaped body.
Your system is resistant to poisons. (rPois)
You cover ground very slowly.
You can spit poison.
You have a snake-like lower body.
You have a pair of horns on your head.
Your spells are a little harder to cast, but a little more powerful.


   Skills:
 + Level 5.0 Fighting
 - Level 9.0 Ranged Weapons
 - Level 2.0 Dodging
 - Level 1.5 Stealth


You had 7 spell levels left.
You didn't know any spells.
Your spell library was empty.

Inventory:

Hand Weapons
 Y - a +0 shortbow (weapon)
Armour
 c - a +0 leather armour (worn)
Jewellery
 d - a +4 ring of protection (left hand)
 n - a ring of resist corrosion (right hand)
 o - a ring of positive energy
 p - an amulet of the acrobat (around neck)
Potions
 a - a potion of curing
 e - a potion of attraction {unknown}
 f - a potion of mutation
 h - a potion of magic {unknown}
 k - a potion of haste
 l - a potion of resistance {unknown}
 m - a potion of enlightenment {unknown}
 q - a potion of might

Dungeon Overview and Level Annotations

Branches:
Dungeon (6/15)
 Temple: D:4-7

Altars:
Elyvilon
Fedhas
Kikubaaqudgha
Makhleb
Nemelex Xobeh
Xom
The Shining One

Shops:
D:2 *?:[(

Annotations:
D:6 Menkaure


Message History

The phantom hits you.
You shoot an arrow. The arrow hits the phantom!
You destroy the phantom!
You start resting.
HP restored.
Menkaure and an ice beast come into view.
Menkaure shouts!
You hear a bark!
Menkaure rustles a few words.
Menkaure calls on the powers of darkness!
The ice beast convulses!
Your body is wracked with pain!
You shoot an arrow. The arrow hits the ice beast.
The ice beast is heavily wounded.
4212 ||| Stepping ~*~*~tactically~*~*~ (outnumbered).
You shoot an arrow. The arrow hits the ice beast!
The ice beast is severely wounded.
The ice beast hits you but does no damage.
You shoot an arrow.
The arrow hits the ice beast but does no damage.
The ice beast is severely wounded.
The ice beast hits you. The ice beast freezes you!
You shoot an arrow. The arrow hits the ice beast.
The ice beast is almost dead.
Menkaure mumbles some strange words.
Menkaure seems to speed up.
The ice beast hits you but does no damage.
You shoot an arrow. The arrow hits the ice beast!
You kill the ice beast!
Your Ranged Weapons skill increases to level 9!
You shoot an arrow.
The arrow hits Menkaure but does no damage.
Menkaure hits you but does no damage.
You shoot an arrow. The arrow hits Menkaure.
Menkaure is lightly damaged.
Menkaure hits you!!
Menkaure's ankle releases a plume of dust as he confides, "I'm not really a mummy, you know."
Menkaure closely misses you.
You shoot an arrow. The arrow hits Menkaure!
Menkaure is heavily damaged.
Menkaure hits you!
You die...

....#. ......####
...## #........#
....####......########
.............#......#
..#.#.# ##.../.....#
.....# #<.##......#
#Y#M.##..#####...##
#.#@.#..###......#
#......##...#....#
####...##...###.####
#..........### #.#
#........### #.#
#........# #.#
#######..# #.. #..#
#.# .... ..#


You could see Menkaure (fast).

Vanquished Creatures
  Sigmund (D:3)
  A water moccasin (D:5)
  A black bear (D:4)
  2 ice beasts
  An ogre (D:5)
  2 phantoms
  A scorpion (D:4)
  3 hounds
  3 orc priests
  An iguana (D:3)
  Natasha (twice) (D:2)
  2 orc wizards
  8 adders
  A gnoll (D:1)
  A white imp (D:5)
  3 worms (D:2)
  7 dart slugs
  15 orcs
  15 ball pythons
  6 endoplasms
  4 giant cockroaches
  2 hobgoblins (D:1)
  4 jackals
  7 quokkas
  5 bats
  4 frilled lizards
  6 goblins
  11 kobolds
  7 rats
126 creatures vanquished.

Notes
Turn   | Place    | Note
-------+----------+-------------------------------------------
     0 | D:1      | qw the Naga Hunter began the quest for the Orb.
     0 | D:1      | Reached XP level 1. HP: 19/19 MP: 1/1
     0 | D:1      | 0 ||| qw: Version: 0.3-a-7-ge0c9b40
     0 | D:1      | 0 ||| qw: Game counter: 740
     0 | D:1      | 0 ||| qw: Always use a shield: true
     0 | D:1      | 0 ||| qw: God list: Okawaru
     0 | D:1      | 0 ||| qw: Allow faded altars: false
     0 | D:1      | 0 ||| qw: Do Orc after D:15 true
     0 | D:1      | 0 ||| qw: Do second Lair branch before Depths: true
     0 | D:1      | 0 ||| qw: Lair rune preference: random
     0 | D:1      | 0 ||| qw: Plans: Normal
     0 | D:1      | 0 ||| PLANNING D:1-11
    22 | D:1      | 22 ||| INVOKING Spit Poison.
   101 | D:1      | 101 ||| INVOKING Spit Poison.
   160 | D:1      | 160 ||| INVOKING Spit Poison.
   164 | D:1      | 164 ||| INVOKING Spit Poison.
   175 | D:1      | Reached skill level 4 in Ranged Weapons
   175 | D:1      | Reached XP level 2. HP: 26/26 MP: 2/2
   208 | D:1      | 208 ||| INVOKING Spit Poison.
   341 | D:1      | 341 ||| INVOKING Spit Poison.
   344 | D:1      | 344 ||| INVOKING Spit Poison.
   350 | D:1      | 350 ||| INVOKING Spit Poison.
   371 | D:1      | 371 ||| INVOKING Spit Poison.
   376 | D:1      | Reached XP level 3. HP: 24/32 MP: 3/3
   425 | D:1      | 425 ||| INVOKING Spit Poison.
   431 | D:1      | 431 ||| INVOKING Spit Poison.
   512 | D:1      | 512 ||| INVOKING Spit Poison.
   566 | D:1      | 566 ||| INVOKING Spit Poison.
   595 | D:1      | 595 ||| INVOKING Spit Poison.
   632 | D:1      | 632 ||| INVOKING Spit Poison.
   668 | D:1      | 668 ||| INVOKING Spit Poison.
   821 | D:1      | 821 ||| INVOKING Spit Poison.
   946 | D:1      | 946 ||| UPGRADING to +0 helmet.
   951 | D:1      | 951 ||| DROPPING scarf of harm.
   952 | D:1      | 952 ||| READING scroll labelled AFEVVOANKY.
   957 | D:1      | 957 ||| READING scroll labelled IHOSHR QUATYOQ.
   958 | D:1      | 958 ||| READING scroll labelled MONIAL UTETZ.
   959 | D:1      | 959 ||| DROPPING scroll of butterflies.
   999 | D:2      | 999 ||| INVOKING Spit Poison.
  1010 | D:2      | 1010 ||| INVOKING Spit Poison.
  1014 | D:2      | 1014 ||| INVOKING Spit Poison.
  1036 | D:2      | Found Mojun's Armour Shoppe.
  1037 | D:2      | 1037 ||| INVOKING Spit Poison.
  1068 | D:2      | 1068 ||| INVOKING Spit Poison.
  1076 | D:2      | Noticed a shining eye
  1077 | D:2      | 1077 ||| INVOKING Spit Poison.
  1085 | D:2      | 1085 ||| INVOKING Spit Poison.
  1086 | D:2      | 1086 ||| INVOKING Spit Poison.
  1087 | D:2      | Found a faded altar of an unknown god.
  1091 | D:2      | 1091 ||| INVOKING Spit Poison.
  1092 | D:2      | Reached skill level 5 in Ranged Weapons
  1109 | D:2      | Noticed a floating eye
  1112 | D:2      | Reached XP level 4. HP: 39/39 MP: 4/4
  1115 | D:2      | 1115 ||| INVOKING Spit Poison.
  1136 | D:2      | Found a shimmering altar of Xom.
  1137 | D:2      | Found Palaytub's Book Emporium.
  1141 | D:2      | Found Lizush's Magic Scroll Shoppe.
  1142 | D:2      | 1142 ||| INVOKING Spit Poison.
  1149 | D:2      | 1149 ||| BUYING scroll of enchant armour (75 gold).
  1149 | D:2      | Bought a scroll of enchant armour for 75 gold pieces
  1149 | D:2      | 1149 ||| SHOPLISTING scroll of enchant armour (75 gold,
                  | have 43).
  1149 | D:2      | 1149 ||| BUYING scroll of teleportation (30 gold).
  1149 | D:2      | Bought a scroll of teleportation for 30 gold pieces
  1149 | D:2      | 1149 ||| READING scroll of enchant armour.
  1149 | D:2      | 1149 ||| ENCHANTING +0 helmet.
  1176 | D:2      | 1176 ||| INVOKING Spit Poison.
  1180 | D:2      | 1180 ||| INVOKING Spit Poison.
  1198 | D:2      | 1198 ||| INVOKING Spit Poison.
  1252 | D:2      | Noticed a golden eye
  1252 | D:2      | Noticed a great orb of eyes
  1261 | D:2      | 1261 ||| INVOKING Spit Poison.
  1348 | D:2      | Found Zyhesafe's Antique Weapon Shoppe.
  1370 | D:2      | 1370 ||| INVOKING Spit Poison.
  1376 | D:2      | 1376 ||| INVOKING Spit Poison.
  1381 | D:2      | 1381 ||| INVOKING Spit Poison.
  1384 | D:2      | 1384 ||| INVOKING Spit Poison.
  1453 | D:2      | 1453 ||| INVOKING Spit Poison.
  1456 | D:2      | 1456 ||| INVOKING Spit Poison.
  1458 | D:2      | Reached skill level 3 in Fighting
  1484 | D:2      | Found Bewaxkuats's Assorted Antiques.
  1486 | D:2      | 1486 ||| INVOKING Spit Poison.
  1490 | D:2      | 1490 ||| INVOKING Spit Poison.
  1493 | D:2      | 1493 ||| INVOKING Spit Poison.
  1495 | D:2      | Reached XP level 5. HP: 47/49 MP: 5/5
  1507 | D:2      | 1507 ||| BUYING coppery potion (21 gold).
  1507 | D:2      | Bought a coppery potion for 21 gold pieces
  1507 | D:2      | 1507 ||| SHOPLISTING puce potion (21 gold, have 7).
  1532 | D:2      | Noticed Natasha
  1533 | D:2      | 1533 ||| INVOKING Spit Poison.
  1540 | D:2      | 1540 ||| INVOKING Spit Poison.
  1541 | D:2      | Killed Natasha
  1761 | D:2      | Noticed Natasha
  1771 | D:2      | 1771 ||| INVOKING Spit Poison.
  1773 | D:2      | Killed Natasha
  1866 | D:2      | 1866 ||| UPGRADING to +4 ring of protection.
  1867 | D:2      | 1867 ||| UPGRADING to ring of positive energy.
  1868 | D:2      | 1868 ||| READING scroll labelled KUIPPA OTHIULIQIHA.
  1905 | D:3      | 1905 ||| INVOKING Spit Poison.
  1909 | D:3      | 1909 ||| INVOKING Spit Poison.
  1916 | D:3      | 1916 ||| INVOKING Spit Poison.
  1919 | D:3      | 1919 ||| INVOKING Spit Poison.
  1931 | D:3      | 1931 ||| INVOKING Spit Poison.
  1941 | D:3      | 1941 ||| INVOKING Spit Poison.
  1948 | D:3      | 1948 ||| INVOKING Spit Poison.
  1978 | D:3      | 1978 ||| INVOKING Spit Poison.
  1980 | D:3      | Reached skill level 6 in Ranged Weapons
  1986 | D:3      | 1986 ||| INVOKING Spit Poison.
  1991 | D:3      | 1991 ||| INVOKING Spit Poison.
  1992 | D:3      | Reached XP level 6. HP: 56/56 MP: 6/6
  1998 | D:3      | 1998 ||| INVOKING Spit Poison.
  2070 | D:3      | 2070 ||| INVOKING Spit Poison.
  2101 | D:3      | 2101 ||| INVOKING Spit Poison.
  2145 | D:3      | 2145 ||| INVOKING Spit Poison.
  2147 | D:3      | Noticed Sigmund
  2148 | D:3      | 2148 ||| INVOKING Spit Poison.
  2155 | D:3      | 2155 ||| INVOKING Spit Poison.
  2160 | D:3      | 2160 ||| INVOKING Spit Poison.
  2163 | D:3      | 2163 ||| INVOKING Spit Poison.
  2167 | D:3      | 2167 ||| INVOKING Spit Poison.
  2167 | D:3      | Killed Sigmund
  2246 | D:3      | 2246 ||| INVOKING Spit Poison.
  2419 | D:3      | 2419 ||| DRINKING 3 bubbling cyan potions.
  2420 | D:3      | 2420 ||| DRINKING 2 yellow potions.
  2444 | D:4      | 2444 ||| INVOKING Spit Poison.
  2447 | D:4      | 2447 ||| INVOKING Spit Poison.
  2463 | D:4      | Noticed a black bear
  2466 | D:4      | 2466 ||| INVOKING Spit Poison.
  2471 | D:4      | 2471 ||| INVOKING Spit Poison.
  2471 | D:4      | Killed a black bear
  2472 | D:4      | Reached XP level 7. HP: 60/66 MP: 7/7
  2508 | D:4      | 2508 ||| INVOKING Spit Poison.
  2525 | D:4      | Found a white marble altar of Elyvilon.
  2527 | D:4      | 2527 ||| INVOKING Spit Poison.
  2534 | D:4      | 2534 ||| INVOKING Spit Poison.
  2551 | D:4      | 2551 ||| INVOKING Spit Poison.
  2586 | D:4      | Found a burning altar of Makhleb.
  2586 | D:4      | Noticed a cacodemon
  2621 | D:4      | 2621 ||| INVOKING Spit Poison.
  2624 | D:4      | 2624 ||| INVOKING Spit Poison.
  2625 | D:4      | 2625 ||| Stepping ~*~*~tactically~*~*~ (outnumbered).
  2626 | D:4      | 2626 ||| DRINKING 2 potions of curing.
  2626 | D:4      | 2626 ||| (to cure confusion)
  2628 | D:4      | 2628 ||| Stepping ~*~*~tactically~*~*~ (outnumbered).
  2629 | D:4      | 2629 ||| Stepping ~*~*~tactically~*~*~ (outnumbered).
  2630 | D:4      | 2630 ||| Stepping ~*~*~tactically~*~*~ (outnumbered).
  2631 | D:4      | 2631 ||| INVOKING Spit Poison.
  2634 | D:4      | 2634 ||| INVOKING Spit Poison.
  2671 | D:4      | 2671 ||| INVOKING Spit Poison.
  2678 | D:4      | 2678 ||| INVOKING Spit Poison.
  2776 | D:4      | 2776 ||| INVOKING Spit Poison.
  2779 | D:4      | 2779 ||| INVOKING Spit Poison.
  2780 | D:4      | Reached skill level 7 in Ranged Weapons
  2919 | D:4      | Found an ancient bone altar of Kikubaaqudgha.
  2920 | D:4      | Found a blossoming altar of Fedhas.
  2972 | D:4      | 2972 ||| DRINKING 2 purple potions.
  2980 | D:5      | Entered Level 5 of the Dungeon
  3032 | D:5      | 3032 ||| INVOKING Spit Poison.
  3037 | D:5      | 3037 ||| INVOKING Spit Poison.
  3050 | D:5      | 3050 ||| INVOKING Spit Poison.
  3070 | D:5      | Found a glowing golden altar of the Shining One.
  3141 | D:5      | 3141 ||| INVOKING Spit Poison.
  3224 | D:5      | 3224 ||| INVOKING Spit Poison.
  3252 | D:5      | 3252 ||| INVOKING Spit Poison.
  3253 | D:5      | Reached XP level 8. HP: 73/73 MP: 8/8
  3257 | D:5      | 3257 ||| INVOKING Spit Poison.
  3262 | D:5      | 3262 ||| INVOKING Spit Poison.
  3266 | D:5      | 3266 ||| INVOKING Spit Poison.
  3292 | D:5      | Reached skill level 8 in Ranged Weapons
  3292 | D:5      | HP: 18/73 [poisoned by a water moccasin]
  3297 | D:5      | HP: 14/73 [poisoned by a water moccasin]
  3582 | D:5      | Found a sparkling altar of Nemelex Xobeh.
  3630 | D:5      | 3630 ||| INVOKING Spit Poison.
  3829 | D:5      | 3829 ||| INVOKING Spit Poison.
  3834 | D:5      | 3834 ||| INVOKING Spit Poison.
  3841 | D:5      | HP: 13/74 [ice beast (9)]
  3842 | D:5      | 3842 ||| READING scroll of teleportation.
  3842 | D:5      | HP: 1/74 [ice beast (10)]
  3843 | D:5      | 3843 ||| DRINKING 2 potions of heal wounds.
  3844 | D:5      | 3844 ||| DRINKING potion of heal wounds.
  3856 | D:5      | 3856 ||| FLEEEEING.
  3857 | D:5      | 3857 ||| FLEEEEING.
  3864 | D:5      | 3864 ||| STAIRDANCE
  4022 | D:4      | 4022 ||| UPGRADING to amulet of the acrobat.
  4027 | D:4      | 4027 ||| UPGRADING to ring of resist corrosion.
  4029 | D:4      | 4029 ||| READING scroll labelled FETUWKANIP.
  4030 | D:4      | 4030 ||| DRINKING 2 viscous emerald potions.
  4128 | D:5      | 4128 ||| DRINKING 3 coppery potions.
  4128 | D:5      | Gained mutation: You have a somewhat thin skeletal
                  | structure. (Dex +2, Stealth+) [potion of mutation]
  4128 | D:5      | Gained mutation: Your spells are a little harder to cast,
                  | but a little more powerful. [potion of mutation]
  4128 | D:5      | Gained mutation: You occasionally lose the ability to drink
                  | potions when taking damage. [potion of mutation]
  4128 | D:5      | Gained mutation: You are partially covered in iridescent
                  | scales. (AC +2) [potion of mutation]
  4129 | D:5      | 4129 ||| DRINKING 2 potions of mutation.
  4129 | D:5      | Lost mutation: You have a somewhat thin skeletal structure.
                  | (Dex +2, Stealth+) [potion of mutation]
  4129 | D:5      | Lost mutation: You are partially covered in iridescent
                  | scales. (AC +2) [potion of mutation]
  4129 | D:5      | Lost mutation: You occasionally lose the ability to drink
                  | potions when taking damage. [potion of mutation]
  4129 | D:5      | Gained mutation: You have a pair of small horns on your
                  | head. [potion of mutation]
  4129 | D:5      | Gained mutation: You have a pair of horns on your head.
                  | [potion of mutation]
  4130 | D:5      | 4130 ||| DROPPING +1 helmet.
  4210 | D:6      | Noticed Menkaure
  4212 | D:6      | 4212 ||| Stepping ~*~*~tactically~*~*~ (outnumbered).
  4217 | D:6      | Reached skill level 9 in Ranged Weapons
  4218 | D:6      | HP: 11/74 [Menkaure (18)]
  4219 | D:6      | Slain by Menkaure

Levels and vault maps discovered:
D:1:      onia_arrival_pentagram, layout_loops_corners, serial_bayou_pond_d,
          minmay_misc_feat_doors
D:2:      layout_basic, serial_shops, shop, nicolae_diamond_shop,
          nicolae_shop_hallway_stairs, shop, nicolae_shop_rolling_square,
          hellmonk_ecumenical_altar_watching_god, basic_altar,
          minmay_shallow_snake_nest, uniq_natasha
D:3:      layout_basic, chequers_garden, uniq_sigmund
D:4:      layout_cave_pools, makhleb_altar_promises_db,
          nicolae_elyvilon_peaceful_grove,
          grunt_temple_overflow_growth_and_decay
D:5:      layout_basic, nicolae_tso_carved_into_rock,
          nemelex_diamond_rough_becter
D:6:      minmay_bubble_buster, layout_rooms, mainiacjoe_overflow_alcove_1,
          ebering_ghost_inner_flame, minmay_misc_feat_x, uniq_menkaure,
          uniq_maggie

Skill      XL: |  1  2  3  4  5  6  7  8 |
---------------+-------------------------+-----
Ranged Weapons | 4 5 6 7 9 |  9.0
Fighting       | 3 4 5 |  5.0
Dodging        | 2 |  2.0
Stealth        | |  1.5

Action                     |  1- 3 |  4- 6 |  7- 9 || total
---------------------------+-------+-------+-------++-------
   Fire: Shortbow          |    54 |   126 |   141 ||   321
Ability: Spit Poison       |    25 |    42 |    24 ||    91
    Use: Scroll            |     3 |     2 |     2 ||     7
         Potion            |       |     2 |     7 ||     9
 Armour: Leather armour    |     6 |    28 |    40 ||    74
  Dodge: Dodged            |    16 |    33 |    32 ||    81

Table legend:
 A = Non-vault XP
 B = Vault XP
 C = Vault XP percentage of total XP
 D = Non-vault monster count
 E = Vault monster count
 F = Vault count percentage of total count
                 A         B        C        D         E       F
            +---------+---------+-------+---------+---------+-------
      Total |    1584 |     289 |  15.4 |     118 |       8 |   6.3
            +---------+---------+-------+---------+---------+-------
        D:1 |      61 |       0 |   0.0 |      29 |       0 |   0.0
        D:2 |     127 |      58 |  31.4 |      28 |       7 |  20.0
        D:3 |     122 |     231 |  65.4 |      29 |       1 |   3.3
        D:4 |     359 |       0 |   0.0 |      14 |       0 |   0.0
        D:5 |     737 |       0 |   0.0 |      16 |       0 |   0.0
        D:6 |     178 |       0 |   0.0 |       2 |       0 |   0.0
            +---------+---------+-------+---------+---------+-------
